 Dungeon Crawl Stone Soup version bcrawl-1.34.5 (webtiles) character file.

Game seed: 11666592555472006277

198689 pasperui the Sneak (level 5, -2/50 HPs)
             Began as a Naga Sloth Apostle on Dec 6, 2021.
             Was a Follower of Cheibriados.
             Slain by an adder (4 damage)
             ... on level 3 of the Dungeon.
             The game lasted 00:05:41 (1550 turns).

pasperui the Sneak (Naga Sloth Apostle)             Turns: 1550, Time: 00:05:42

Health: -2/50      AC:  3    Str: 19    XL:     5   Next: 40%
Magic:  3/6        EV: 10    Int: 15    God:    Cheibriados [*.....]
Gold:   137        SH:  1    Dex: 13    Spells: 5/6 levels left

rFire    . . .     SeeInvis +   a - +0 falchion
rCold    . . .     Gourm    .   (no shield)
rNeg     . . .     Faith    .   b - +0 robe
rPois    +         Spirit   .   h - +0 helmet
rElec    .         Reflect  .   (no cloak)
rCorr    .         Harm     .   (no gloves)
MR       .....     Clarity  +   (no barding)
Stlth    +++.......             (no amulet)
HPRegen  0.16/turn              (no ring)
MPRegen  0.10/turn              (no ring)

@: lethally poisoned (-2 -> -3), very slow
A: large, see invisible, deformed body, poison resistance, slowness 2, slow
metabolism 1, spit poison 1, AC +1
a: Spit Poison, Bend Time, Renounce Religion


You were on level 3 of the Dungeon.
You worshipped Cheibriados.
Cheibriados was aware of your devotion.
You were hungry.

You visited 1 branch of the dungeon, and saw 3 of its levels.

You collected 137 gold pieces.

Inventory:

Hand Weapons
 a - a +0 falchion (weapon)
 g - a +1 short sword of venom
 m - a +0 spear
Missiles
 f - 123 poisoned needles
 p - 256 stones (quivered)
Armour
 b - a +0 robe (worn)
 c - a +0 medium shield
 h - a +0 helmet (worn)
Wands
 d - a wand of paralysis (10)
Scrolls
 i - 2 scrolls of identify
 l - a scroll of fog {unknown}
 q - a scroll of enchant weapon {unknown}
 r - a scroll of amnesia {unknown}
 t - a scroll of fear {unknown}
Potions
 j - 2 potions of cancellation {unknown}
 k - a potion of heal wounds {unknown}
 n - a potion of might {unknown}
 o - 2 potions of lignification {unknown}
Comestibles
 e - 4 rations {!d}
 s - 2 chunks of flesh


   Skills:
 * Level 3.9 Fighting
 - Level 3.4 Long Blades
 - Level 1.6 Dodging
 - Level 4.8 Stealth
 - Level 1.5 Shields
 - Level 1.0 Spellcasting
 - Level 2.0 Hexes
 - Level 1.0 Evocations


You had 5 spell levels left.
You knew the following spells:

 Your Spells              Type           Power        Failure   Level  Hunger
a - Slow                  Hex            #.......     11%         1    None
Your spell library was empty.

Dungeon Overview and Level Annotations

Branches:
Dungeon (3/12)

Altars:
Uskayaw


Innate Abilities, Weirdness & Mutations

You cannot wear boots.
Your serpentine skin is tough. (AC +1)
You have supernaturally acute eyesight. (SInv)
Armour fits poorly on your strangely shaped body.
Your system is resistant to poisons. (rPois)
You cover ground very slowly.
You have a slow metabolism.
You can spit poison.


Message History

Cheibriados thoroughly appreciates the change of pace.
Cheibriados raises the support of your attributes as your movement slows.
You feel slightly more hungry. The adder bites you but does no damage.
You hit the adder but do no damage. The adder bites you but does no damage.
You miss the adder. The adder barely misses you. The adder closely misses you.
You hit the adder.
The adder is moderately wounded.
You have got your breath back.
The adder bites you.
* * * LOW HITPOINT WARNING * * *
You hit the adder.
The adder is almost dead.
The adder barely misses you.
You barely miss the adder.
The adder is almost dead.
The adder bites you.
* * * LOW HITPOINT WARNING * * *
You are poisoned.
The adder poisons you! The adder bites you.
You die...

.......######...####
......## #..##
....>## #.## #...##
#.# ##.## #.# #.#
#.# ##### #.# ##.##
#... #.#
#...###.###.#.## #.#
#....@S†)......# #.#
#...###.##...... ..#
##### #.# ...(# ###
#.# #.## #.. # ###


You could see an adder.

Vanquished Creatures
  An ogre (D:3)
  A hound (D:2)
  2 oozes
  2 dart slugs
  A leopard gecko (D:1)
  A bat (D:3)
  A goblin (D:3)
  5 hobgoblins
  8 jackals (D:1)
  A quokka (D:3)
  A ball python (D:1)
  2 frilled lizards
  A kobold (D:1)
  3 rats
30 creatures vanquished.

Notes
Turn   | Place    | Note
-------+----------+-------------------------------------------
     0 | D:1      | pasperui the Naga Sloth Apostle began the quest for the
                  | Orb.
     0 | D:1      | Reached XP level 1. HP: 19/19 MP: 2/2
   431 | D:1      | Reached XP level 2. HP: 26/26 MP: 3/3
   842 | D:1      | Reached * piety under Cheibriados
   843 | D:1      | Reached XP level 3. HP: 5/32 MP: 4/4
  1178 | D:2      | Reached skill level 1 in Dodging
  1178 | D:2      | Reached XP level 4. HP: 16/39 MP: 5/5
  1192 | D:2      | Found a hide-covered altar of Uskayaw.
  1532 | D:3      | Noticed an ogre
  1541 | D:3      | Killed an ogre
  1542 | D:3      | Reached XP level 5. HP: 11/50 MP: 2/6
  1550 | D:3      | HP: 2/50 [adder (4)]
  1550 | D:3      | Slain by an adder

Skill      XL: |  1  2  3  4 |
---------------+-------------+-----
Long Blades    | 3 |  3.4
Dodging        | 1 |  1.6
Fighting       | 3 |  3.9
Stealth        | |  4.8
Shields        | |  1.5
Spellcasting   | |  1.0
Hexes          | |  2.0
Evocations     | |  1.0

Action                   |  1- 3 |  4- 6 || total
-------------------------+-------+-------++-------
Melee: Falchion          |    72 |    40 ||   112
Invok: Bend Time         |       |     1 ||     1
 Abil: Spit Poison       |     9 |     3 ||    12
 Stab: Sleeping          |     5 |     1 ||     6
  Eat: Chunk             |     2 |     2 ||     4
Armor: Robe              |    15 |    16 ||    31
Dodge: Dodged            |    42 |    35 ||    77
